[Event "Team 45 45 League T42"]
[Site "Internet Chess Club"]
[Date "2009.07.30"]
[Round "1"]
[White "PrincessChess"]
[Black "nosalt"]
[Result "1-0"]
[WhiteElo "1732"]
[BlackElo "1992"]
[Opening "Alekhine's defense: Scandinavian variation"]
[ECO "B02"]
[Time "17:01:44"]
[TimeControl "2700+45"]

1. e4 Nf6 2. Nc3 d5 3. exd5 Nxd5 4. Nf3 Bg4 5. Be2 Nf4 6. O-O Nxe2+ 7. Qxe2 Nc6
8. Qe4 f5 9. Qe3 Qd7 10. Ne5 Nxe5 11. Qxe5 O-O-O 12. d3 e6 13. Qa5 a6 14. Bf4
Bd6 15. Bxd6 Qxd6 16. Rfe1 Rhe8 17. Qe5 g5 18. Qxd6 cxd6 19. f3 Bh5 20. d4 f4
21. Ne4 Bg6 22. Nxg5 Kd7 23. Ne4 Rf8 24. c3 Bf5 25. Kf2 Rf7 26. Rg1 Rg8 27. Rae1
Rg6 28. g4 fxg3+ 29. hxg3 Rh6 30. Nd2 Bg4 31. Rh1 Rhf6 32. Re3 e5 33. dxe5 dxe5
34. Kg2 e4 35. f4 Be6 36. Nxe4 Bd5 37. c4 Bc6 38. Rd1+ Kc7 39. Kf2 Rh6 40. Rd2
Re7 41. Kf3 Rh1 42. Rf2 Rxe4 43. Rxe4 Re1 44. Re2 Rxe2 45. Kxe2 Bxe4 46. Ke3 Bb1
47. a3 Kd6 48. Kd4 Bf5 49. b4 Ke6 50. Ke3 h5 51. Kd4 Bh3 52. a4 Bg2 53. a5 Kf5
54. b5 axb5 55. cxb5 Kg4 56. Ke5 Bf1 57. b6 Bd3 58. f5 Kg5 59. f6 Kg6 60. Ke6
Bc4+ 61. Ke7 Bd5 62. a6 bxa6 63. b7 Bxb7 64. f7 Bc6 65. f8=Q Bb5 66. Qf6+ Kh7
67. Kf8 {Black resigns} 1-0

[Event "Team 45 45 League T42"]
[Site "Internet Chess Club"]
[Date "2009.08.01"]
[Round "1"]
[White "Speedy-Reedy"]
[Black "tourettes"]
[Result "1/2-1/2"]
[WhiteElo "1882"]
[BlackElo "1693"]
[Opening "French: Winawer, advance, poisoned pawn variation"]
[ECO "C18"]
[Time "03:08:23"]
[TimeControl "2700+45"]

1. e4 e6 2. d4 d5 3. Nc3 Bb4 4. e5 Ne7 5. a3 Bxc3+ 6. bxc3 c5 7. Qg4 Qa5 8. Bd2
O-O 9. Nf3 c4 10. h4 Qa4 11. Ra2 Qb5 12. Ra1 Qb2 13. Rc1 Qxa3 14. h5 Nbc6 15. h6
g6 16. Qg5 Nf5 17. g4 Qe7 18. gxf5 Qxg5 19. Nxg5 exf5 20. Bg2 Be6 21. Ke2 a5 22.
Rb1 Rfb8 23. Rb6 a4 24. Ra1 Ra5 25. Nxe6 fxe6 26. Bc1 Kf7 27. Ba3 Nd8 28. Bd6
Rba8 29. Bc7 R5a7 30. Rd6 Ke7 31. Bxd5 exd5 32. Rxd5 Ne6 33. Bd6+ Ke8 34. Rb5 a3
35. Bc5 Nc7 36. Rb4 Nd5 37. Rxc4 b6 38. Bb4 a2 39. Rc6 Ra4 40. Re6+ Kf7 41. Rd6
Nxb4 42. Kd2 b5 43. cxb4 Rxb4 44. Kc1 Ra3 45. Rd7+ Ke6 46. Rxh7 Rxd4 47. Rg7 Rh4
48. h7 Rah3 49. Rxa2 Rxh7 50. Rxg6+ Kxe5 51. Ra5 Rb7 52. Kd2 Rf3 53. Rg2 Kd4 54.
Rh2 Rf4 55. Ra3 Kc4 56. Ke3 Re4+ 57. Kf3 Kb4 58. Rb3+ Kc4 59. Rh5 Rf7 60. Rh8
Re5 61. Rc8+ Rc5 62. Rb8 Rd7 63. Ke3 Re7+ 64. Kf3 Rd7 65. Ke2 Rd4 66. Rf3 Re4+
67. Kd2 Rd4+ 68. Kc1 Re4 69. Rf8 Ree5 70. Kb2 b4 71. Rf4+ Kb5 72. Rb8+ Kc6 73.
Rbxb4 Re2 74. Rbc4 Rxc4 75. Rxc4+ Kd5 76. Rc8 Rxf2 77. Kc1 f4 78. c4+ Kd4 79. c5
Kc3 80. Kd1 f3 81. Ke1 Re2+ 82. Kf1 Re5 83. c6 Rc5 84. Kf2 Kd4 85. c7 Kc4 86.
Kxf3 Kc3 87. Ke2 Kc2 88. Kf3 Kc3 89. Ke3 Rc4 90. Kf2 Rc5 91. Ke1 Kc2 92. Ke2 Rc3
93. Ke1 Re3+ 94. Kf2 Rc3 95. Ke2 Kc1 96. Ke1 Kc2 97. Ke2 Kc1 98. Rd8 Rxc7 99.
Rd1+ Kc2 100. Rd2+ Kc3 101. Rd1 Kc2 102. Rd2+ Kc3 103. Rd3+ Kc4 104. Rd1 Re7+
105. Kf3 Rf7+ 106. Ke4 Re7+ 107. Kf5 Re3 108. Rc1+ Rc3 109. Rxc3+ Kxc3 {Game
drawn because neither player has mating material} 1/2-1/2

[Event "Team 45 45 League T42"]
[Site "Internet Chess Club"]
[Date "2009.08.01"]
[Round "1"]
[White "vollmerj"]
[Black "ivanson"]
[Result "1/2-1/2"]
[WhiteElo "1745"]
[BlackElo "1863"]
[Opening "Ruy Lopez: closed defense"]
[ECO "C84"]
[Time "18:12:14"]
[TimeControl "2700+45"]

1. e4 e5 2. Nf3 Nc6 3. Bb5 a6 4. Ba4 Nf6 5. O-O Be7 6. c3 b5 7. Bc2 O-O 8. d4 d6
9. dxe5 dxe5 10. Qxd8 Rxd8 11. Nbd2 Bb7 12. Nb3 h6 13. Be3 Nd7 14. Rad1 a5 15.
Rd2 a4 16. Nc1 Nf6 17. Rfd1 Bd6 18. Ne2 Ng4 19. b3 Nxe3 20. fxe3 axb3 21. axb3
Ra2 22. Bb1 Rxd2 23. Rxd2 Ra8 24. Bd3 Bc5 25. Kf2 b4 26. c4 Bd6 27. Ng3 Ra3 28.
Bc2 Na5 29. Nf5 Nxb3 30. Bxb3 Rxb3 31. Nxd6 cxd6 32. Rxd6 Rb2+ 33. Kg3 Bxe4 34.
Rb6 b3 35. c5 Rc2 36. Rxb3 Rxc5 37. Rb8+ Kh7 38. Re8 f6 39. Rd8 Rc3 40. Kf2 Rc2+
41. Rd2 Rxd2+ 42. Nxd2 Bd5 43. Nb1 Kg6 44. Nc3 Bc6 45. Ne2 Kf5 46. Ng3+ Ke6 47.
Ne2 f5 48. Ng3 g6 49. Ne2 g5 50. g3 Kf6 51. Nc3 Ke6 52. Ne2 Kd5 53. Nc3+ Kc5 54.
Nb1 Be4 55. Nd2 Bd5 56. Nb1 Bc4 57. Nd2 Ba6 58. Nf3 Kd5 59. h4 gxh4 60. Nxh4 Ke6
61. Nf3 Kf6 62. Nd2 Bb7 63. Nc4 Be4 64. Nd6 Bd5 65. Nb5 Kg5 66. Nc7 Bc4 67. Ne8
h5 68. Nd6 Bd5 69. Nb5 f4 70. gxf4+ exf4 71. exf4+ Kxf4 72. Nc3 Bc4 73. Nd1 h4
74. Kg2 {Game drawn by mutual agreement} 1/2-1/2

[Event "Team 45 45 League T42"]
[Site "Internet Chess Club"]
[Date "2009.07.30"]
[Round "1"]
[White "topadyarpov"]
[Black "Ptzz"]
[Result "1/2-1/2"]
[WhiteElo "1816"]
[BlackElo "2074"]
[Opening "Caro-Kann: exchange variation"]
[ECO "B13"]
[Time "13:00:46"]
[TimeControl "2700+45"]

1. e4 c6 2. d4 d5 3. exd5 cxd5 4. Bd3 Nc6 5. c3 Qc7 6. Ne2 Bg4 7. f3 Bd7 8. Bf4
e5 9. dxe5 Nxe5 10. Bc2 Nf6 11. Ba4 Bd6 12. Bxd7+ Qxd7 13. Bxe5 Bxe5 14. O-O
O-O-O 15. Nd4 Qc7 16. g3 Bxg3 17. hxg3 Qxg3+ 18. Kh1 Qh3+ 19. Kg1 Qg3+ 20. Kh1
Qh3+ {Game drawn by mutual agreement} 1/2-1/2

[Event "Team 45 45 League T42"]
[Site "Internet Chess Club"]
[Date "2009.08.03"]
[Round "1"]
[White "Nosferatu1"]
[Black "PaulKaspar"]
[Result "1/2-1/2"]
[WhiteElo "1892"]
[BlackElo "1858"]
[Opening "Queen's gambit accepted"]
[ECO "D26"]
[Time "16:15:12"]
[TimeControl "2700+45"]

1. d4 d5 2. c4 dxc4 3. e3 Nf6 4. Bxc4 e6 5. Nf3 Bb4+ 6. Bd2 Bxd2+ 7. Nbxd2 O-O
8. O-O Nc6 9. a3 Bd7 10. e4 a6 11. d5 exd5 12. exd5 Ne7 13. Nb1 Bb5 14. Bxb5
axb5 15. d6 Qxd6 16. Qxd6 cxd6 17. Nc3 b4 18. axb4 d5 19. Nd4 Nc6 20. Nc2 Rxa1
21. Rxa1 d4 22. Nb5 d3 23. Ne1 {Game drawn by mutual agreement} 1/2-1/2

[Event "Team 45 45 League T42"]
[Site "Internet Chess Club"]
[Date "2009.08.02"]
[Round "1"]
[White "AVEMARIA"]
[Black "fileman"]
[Result "1/2-1/2"]
[WhiteElo "1688"]
[BlackElo "1882"]
[Opening "Scotch: Mieses variation"]
[ECO "C45"]
[Time "15:01:12"]
[TimeControl "2700+45"]

1. e4 e5 2. Nf3 Nc6 3. d4 exd4 4. Nxd4 Nf6 5. Nxc6 bxc6 6. e5 Qe7 7. Qe2 Nd5 8.
c4 Ba6 9. b3 Qh4 10. a3 Bc5 11. g3 Bxf2+ 12. Qxf2 Qe4+ 13. Kd1 Qxh1 14. Nd2 Nc3+
15. Kc2 Ne4 16. Nxe4 Qxe4+ 17. Bd3 Qg4 18. Bf4 O-O 19. h4 f6 20. Qd4 fxe5 21.
Qxe5 d5 22. Qxc7 dxc4 23. bxc4 Bc8 24. Qxc6 Bf5 25. Qd5+ Kh8 26. Bxf5 Qxf5+ 27.
Qxf5 Rxf5 28. Rd1 h6 29. Rd7 g5 30. hxg5 hxg5 31. Bd6 a6 32. Rb7 Kg8 33. Kc3 Rf7
34. Rb6 Rc8 35. Rxa6 Rf6 36. Kb4 Kf7 37. c5 Ke6 38. Bf4+ Kf5 39. Rxf6+ Kxf6 40.
Bd6 Ke6 41. Kb5 Kd5 42. a4 Re8 43. Kb6 Re2 44. a5 Rb2+ 45. Ka7 Kc6 46. a6 g4 47.
Ka8 Rb5 48. a7 Rb3 49. Bf8 Rxg3 50. Kb8 Rb3+ 51. Kc8 Ra3 52. Kb8 g3 53. Bh6 Rb3+
54. Kc8 Ra3 55. Kb8 Rb3+ 56. Kc8 Ra3 57. Kb8 Rxa7 58. Kxa7 Kxc5 59. Be3+ Kd5 60.
Kb7 Ke4 61. Ba7 g2 62. Kc6 Kf3 63. Kd5 Ke2 64. Ke4 Kf1 65. Kf3 g1=Q 66. Bxg1
{Game drawn because neither player has mating material} 1/2-1/2

[Event "Team 45 45 League T42"]
[Site "Internet Chess Club"]
[Date "2009.08.02"]
[Round "1"]
[White "Portola"]
[Black "TwentyMiles"]
[Result "0-1"]
[WhiteElo "1713"]
[BlackElo "1816"]
[Opening "Queen's pawn: Torre attack"]
[ECO "A46"]
[Time "15:00:13"]
[TimeControl "2700+45"]

1. d4 Nf6 2. Nf3 e6 3. Bg5 c5 4. c3 d5 5. e3 Nbd7 6. Nbd2 Be7 7. Bd3 b6 8. O-O
Bb7 9. Ne5 Nxe5 10. dxe5 Nd7 11. Bxe7 Qxe7 12. f4 O-O-O 13. Nf3 h6 14. Bb5 f6
15. Bxd7+ Rxd7 16. exf6 gxf6 17. Nh4 Qg7 18. Rf2 f5 19. Qe2 Qf6 20. Nf3 Rg7 21.
Rd1 Rhg8 22. Rd2 c4 23. Rc2 Ba6 24. Qd2 h5 25. h4 Qe7 26. Ng5 Qd6 27. Qd4 Rg6
28. Rcd2 Qf8 29. Qe5 Qf6 30. Qd6 Qd8 31. Qb4 Kb7 32. a4 Ka8 33. Rd1 Qf8 34.
Qxf8+ Rxf8 35. Rfd2 Bb7 36. Ra1 a5 37. Ra3 Rc8 38. b4 cxb3 39. Rxb3 Ka7 40. Rdb2
Rc6 41. Nf7 Rg8 42. Ne5 Rd6 43. Nf3 Rg7 44. Nd4 Ba6 45. Kh2 Bc4 46. Nb5+ Bxb5
47. Rxb5 Rc7 48. Rc2 Rc4 49. Rb1 Rxa4 50. Rbc1 Rc4 51. g3 Rdc6 52. Kg2 b5 53.
Ra2 Kb6 54. Rca1 a4 55. Rb1 Ka5 56. Rab2 R6c5 {White resigns} 0-1

[Event "Team 45 45 League T42"]
[Site "Internet Chess Club"]
[Date "2009.08.01"]
[Round "1"]
[White "GadsHill"]
[Black "g8wrb"]
[Result "0-1"]
[WhiteElo "1521"]
[BlackElo "1571"]
[Opening "Queen's Indian: Petrosian system"]
[ECO "E12"]
[Time "15:02:19"]
[TimeControl "2700+45"]

1. d4 Nf6 2. c4 e6 3. Nf3 b6 4. a3 Bb7 5. Nc3 d5 6. cxd5 Nxd5 7. e3 Be7 8. Bb5+
Nc6 9. Bd2 O-O 10. Nxd5 Qxd5 11. Be2 a5 12. O-O Rad8 13. Rc1 Bd6 14. Bc4 Qh5 15.
Qe2 Nxd4 {White resigns} 0-1

[Event "Team 45 45 League T42"]
[Site "Internet Chess Club"]
[Date "2009.07.31"]
[Round "1"]
[White "AtomicDog"]
[Black "AngryPirate"]
[Result "0-1"]
[WhiteElo "1358"]
[BlackElo "1463"]
[Opening "French: Tarrasch"]
[ECO "C03"]
[Time "14:01:09"]
[TimeControl "2700+45"]

1. e4 e6 2. d4 d5 3. Nd2 dxe4 4. Nxe4 Bd7 5. Be3 Bc6 6. Bd3 Nd7 7. Ne2 Ngf6 8.
f3 Nxe4 9. fxe4 Nf6 10. Ng3 Be7 11. Qe2 Qd7 12. e5 Nd5 13. Bd2 Nb4 14. Be4 Qxd4
15. c3 Qxe5 16. cxb4 Qxb2 17. Bxc6+ bxc6 18. O-O Bxb4 19. Bxb4 Qxb4 20. Rxf7
Qd4+ 21. Qf2 Qxa1+ 22. Nf1 O-O-O 23. Qxa7 Qd4+ 24. Qxd4 Rxd4 25. Rxg7 Rd1 26.
Rf7 Kd8 27. g3 Ra1 28. Rf2 Ke7 29. Kg2 Rf8 30. Rxf8 Kxf8 31. Kh3 Rxf1 {White
resigns} 0-1

[Event "Team 45 45 League T42"]
[Site "Internet Chess Club"]
[Date "2009.08.01"]
[Round "1"]
[White "dinkola"]
[Black "Fuzzie"]
[Result "0-1"]
[WhiteElo "1619"]
[BlackElo "1834"]
[Opening "Benoni: four pawns attack, main line"]
[ECO "A69"]
[Time "09:02:47"]
[TimeControl "2700+45"]

1. d4 Nf6 2. c4 g6 3. Nc3 Bg7 4. e4 d6 5. f4 c5 6. d5 O-O 7. Be2 e6 8. Nf3 exd5
9. cxd5 Re8 10. Qc2 a6 11. O-O b5 12. Nd2 b4 13. Nd1 Nxd5 14. Nc4 Nb6 15. Nf2
Be6 16. Rb1 Nc6 17. Be3 Nd4 18. Bxd4 Bxd4 19. Kh1 Nxc4 20. Bxc4 d5 21. exd5 Bxd5
22. Bxd5 Qxd5 23. b3 Re7 24. Nd3 Rae8 25. Rbe1 Bc3 26. Rxe7 Rxe7 27. Rd1 Qe4 28.
Qf2 Rd7 29. Qf1 Qe3 30. Nf2 Qxf2 {White resigns} 0-1

[Event "Team 45 45 League T42"]
[Site "Internet Chess Club"]
[Date "2009.08.02"]
[Round "1"]
[White "Grenadier"]
[Black "Ernie1"]
[Result "1-0"]
[WhiteElo "1661"]
[BlackElo "1626"]
[Opening "Caro-Kann: Panov-Botvinnik attack"]
[ECO "B13"]
[Time "20:00:40"]
[TimeControl "2700+45"]

1. e4 c6 2. d4 d5 3. exd5 cxd5 4. c4 Nf6 5. Nc3 Nc6 6. Nf3 e6 7. c5 g6 8. Bf4
Nh5 9. Be3 Bg7 10. Be2 Nf6 11. O-O O-O 12. Bf4 Re8 13. Nb5 Ne4 14. Nc7 Rb8 15.
Nxe8 {Black resigns} 1-0

[Event "Team 45 45 League T42"]
[Site "Internet Chess Club"]
[Date "2009.07.31"]
[Round "1"]
[White "slipkid"]
[Black "GoIrish"]
[Result "1/2-1/2"]
[WhiteElo "1488"]
[BlackElo "1653"]
[Opening "Alekhine's defense: four pawns attack, fianchetto variation"]
[ECO "B02"]
[Time "13:04:30"]
[TimeControl "2700+45"]

1. e4 Nf6 2. e5 Nd5 3. c4 Nb6 4. d4 d6 5. f4 g6 6. Be3 Bg7 7. Nf3 O-O 8. Nc3 Bg4
9. Bd3 dxe5 10. fxe5 Nc6 11. O-O Bxf3 12. Qxf3 Nxd4 13. Bxd4 Qxd4+ 14. Kh1 Nxc4
15. Bxc4 Qxc4 16. b3 Qc6 17. Nd5 Qd7 18. Rad1 Kh8 19. Nb6 Qxd1 20. Rxd1 axb6 21.
Qe2 Ra5 22. e6 Re5 23. Qf3 Rf5 24. Qxb7 fxe6 25. g3 Be5 26. Qe4 Rh5 27. Kg2 Rf6
28. Rf1 Rxf1 29. Kxf1 Bd6 30. Qxe6 Rxh2 31. Qf7 e5 32. Qf6+ Kg8 33. Qd8+ Kg7 34.
Qd7+ Kh6 35. Qc6 Rxa2 36. Qc1+ Kg7 37. g4 Ra3 38. Qc2 Bc5 39. Ke2 Ra1 40. b4 Bd6
41. Qc6 Rg1 42. Kf2 Rd1 43. Ke2 Rd4 44. g5 Kf8 45. Qd7 {Game drawn by mutual
agreement} 1/2-1/2

[Event "Team 45 45 League T42"]
[Site "Internet Chess Club"]
[Date "2009.08.04"]
[Round "1"]
[White "houseofcook"]
[Black "MikeA"]
[Result "1-0"]
[WhiteElo "1494"]
[BlackElo "1323"]
[Opening "Sicilian: Alapin's variation (2.c3)"]
[ECO "B22"]
[Time "14:01:00"]
[TimeControl "2700+45"]

1. e4 c5 2. c3 d5 3. exd5 Qxd5 4. d4 Nf6 5. Nf3 Bg4 6. Be2 e6 7. O-O Nc6 8. h3
Bh5 9. Be3 cxd4 10. cxd4 Be7 11. Nc3 Qd6 12. Qb3 Rb8 13. Rfd1 O-O 14. Rac1 a6
15. Qc2 Rfd8 16. Ne4 Nxe4 17. Qxe4 Bg6 18. Qf4 Qxf4 19. Bxf4 Bd6 20. Ne5 f6 21.
Nxg6 hxg6 22. Be3 Rbc8 23. Bc4 Kf7 24. d5 exd5 25. Bxd5+ Ke7 26. Bb6 Re8 27.
Re1+ Be5 28. f4 Kd6 29. Bxc6 Rxc6 30. fxe5+ fxe5 31. Red1+ Ke6 32. Rxc6+ bxc6
33. Bc5 Rb8 34. Rd6+ Kf5 35. b3 Rb5 36. Rxc6 e4 37. Kf2 Ke5 38. Be3 Ra5 39. Rc5+
Rxc5 40. Bxc5 Kd5 41. Be3 Ke5 42. g4 Kf6 43. b4 g5 44. a4 Ke6 45. b5 axb5 46.
axb5 Kd7 47. b6 Kc6 48. Ke2 Kb7 49. Kd2 Kc6 50. Kc3 Kb7 51. Kc4 Kc6 52. Bd4 g6
53. Be3 Kb7 54. Kd5 Ka6 55. Kxe4 Kb7 56. Ke5 Kc6 57. Kf6 {Black resigns} 1-0

[Event "Team 45 45 League T42"]
[Site "Internet Chess Club"]
[Date "2009.08.03"]
[Round "1"]
[White "Ser-Enigma"]
[Black "NFork"]
[Result "1/2-1/2"]
[WhiteElo "2182"]
[BlackElo "2276"]
[Opening "English: Anglo-Dutch defense"]
[ECO "A10"]
[Time "15:12:54"]
[TimeControl "2700+45"]

1. c4 f5 2. Nc3 Nf6 3. g3 e6 4. Bg2 d5 5. d4 c6 6. Nf3 Bd6 7. O-O O-O 8. b3 Nbd7
9. Bf4 Bxf4 10. gxf4 Ne4 11. Nxe4 fxe4 12. Ng5 Nf6 13. e3 h6 14. Nh3 Bd7 15. Kh1
Be8 16. Ng1 Bh5 17. f3 Qe7 18. Qe1 exf3 19. Nxf3 Bxf3 20. Bxf3 Ne8 21. c5 Kh8
22. b4 g5 23. fxg5 hxg5 24. e4 Qg7 25. e5 Qh6 26. Bg4 Ng7 27. a4 Nh5 28. Bxh5
Qxh5 29. Qg3 Kg7 30. Rf6 Rxf6 31. exf6+ Kg6 32. Re1 Rf8 33. Qd3+ Kxf6 34. Qe3
Re8 35. Rf1+ Kg6 36. Qf2 Kh6 37. Qf7 Qxf7 38. Rxf7 Rb8 39. Rf6+ Kg7 40. Rxe6
{Game drawn by mutual agreement} 1/2-1/2

[Event "Team 45 45 League T42"]
[Site "Internet Chess Club"]
[Date "2009.07.31"]
[Round "1"]
[White "Camdemonium"]
[Black "jahveni"]
[Result "1/2-1/2"]
[WhiteElo "1721"]
[BlackElo "1979"]
[Opening "Scotch gambit: Dubois-Réti defense"]
[ECO "C55"]
[Time "11:00:37"]
[TimeControl "2700+45"]

1. e4 e5 2. Nf3 Nc6 3. d4 exd4 4. Bc4 Nf6 5. e5 d5 6. Bb5 Ne4 7. Nxd4 Bd7 8.
Bxc6 bxc6 9. O-O Be7 10. f3 Nc5 11. f4 f6 12. Qh5+ g6 13. Qe2 Ne6 14. Nxe6 Bxe6
15. exf6 Bc5+ 16. Be3 Bxe3+ 17. Qxe3 Qxf6 18. Nd2 O-O 19. Nf3 Bf5 20. Ne5 Qd6
21. c3 c5 22. Rad1 Rad8 23. Rd2 Qb6 24. Rfd1 c6 25. h3 Rfe8 26. Qf2 Rf8 27. Qe3
Rfe8 28. Qf2 {Game drawn by mutual agreement} 1/2-1/2

[Event "Team 45 45 League T42"]
[Site "Internet Chess Club"]
[Date "2009.08.09"]
[Round "1"]
[White "fledermaus"]
[Black "Knight77"]
[Result "1-0"]
[WhiteElo "1985"]
[BlackElo "1929"]
[Opening "QGD"]
[ECO "D52"]
[Time "16:06:47"]
[TimeControl "2700+45"]

1. d4 e6 2. c4 Nf6 3. Nc3 d5 4. Bg5 Nbd7 5. e3 c6 6. Nf3 Bd6 7. Rc1 O-O 8. Qc2
h6 9. Bh4 e5 10. cxd5 exd4 11. Nxd4 cxd5 12. Be2 Qa5 13. O-O Re8 14. Ncb5 Be5
15. a3 a6 16. Nc7 Bxc7 17. Qxc7 Qxc7 18. Rxc7 Re4 19. Rfc1 Rxh4 20. Rxc8+ Rxc8
21. Rxc8+ Kh7 22. g3 Re4 23. Bd3 Ne5 24. Bxe4+ Nxe4 25. b3 Ng5 26. Kg2 Nd3 27.
f3 Kg6 28. Rc3 Ne1+ 29. Kf2 Nexf3 30. Rc7 Nxh2 31. Rxb7 Ng4+ 32. Ke2 Ne4 33.
Rb6+ Kg5 34. Rxa6 Nxg3+ 35. Kf3 Nf1 36. b4 Nfxe3 37. b5 Nc4 38. b6 Nd6 39. Ra7
Ne5+ 40. Kg2 Kf6 41. b7 Nd7 42. Nc6 h5 43. b8=Q Nxb8 44. Nxb8 d4 45. Ra5 Nf5 46.
Nc6 g5 47. Ne5 Ke6 48. Nd3 Ne3+ 49. Kf3 f5 50. Rb5 h4 51. a4 Nd5 52. a5 g4+ 53.
Kg2 h3+ 54. Kg3 Nc7 55. Re5+ Kf6 56. Rc5 Ne8 57. a6 Nd6 58. Rc6 Ke6 59. a7 Kd7
60. Rxd6+ {Black resigns} 1-0

[Event "Team 45 45 League T42"]
[Site "Internet Chess Club"]
[Date "2009.08.03"]
[Round "1"]
[White "CHESSISTA1"]
[Black "smitty120"]
[Result "1-0"]
[WhiteElo "1712"]
[BlackElo "1962"]
[Opening "English opening"]
[ECO "A22"]
[Time "13:00:09"]
[TimeControl "2700+45"]

1. c4 e5 2. Nc3 Nf6 3. Nf3 d6 4. g3 g6 5. Bg2 Bg7 6. O-O O-O 7. d3 Nbd7 8. Qc2
c6 9. Rb1 Rb8 10. b4 d5 11. e3 Re8 12. a4 dxc4 13. dxc4 Nb6 14. Rd1 Qe7 15. c5
Nbd5 16. Nxd5 cxd5 17. Qb3 Bg4 18. h3 Bf5 19. Ra1 Qe6 20. g4 Be4 21. Ng5 Qc6 22.
f3 Bc2 23. Qxc2 h6 24. e4 d4 25. Bf1 Qc7 26. Nxf7 Kxf7 27. Bc4+ Kf8 28. a5 b5
29. axb6 axb6 30. Ra6 bxc5 31. bxc5 Nd7 32. Ba3 {Black resigns} 1-0

[Event "Team 45 45 League T42"]
[Site "Internet Chess Club"]
[Date "2009.08.02"]
[Round "1"]
[White "Socraticchess"]
[Black "Kravier"]
[Result "1-0"]
[WhiteElo "1821"]
[BlackElo "1662"]
[Opening "Sicilian: closed"]
[ECO "B23"]
[Time "22:25:34"]
[TimeControl "2700+45"]

1. e4 c5 2. Nc3 a6 3. a4 e6 4. Bc4 Nc6 5. f4 g6 6. Nf3 Bg7 7. O-O Nge7 8. d3 O-O
9. h3 d5 10. Bb3 dxe4 11. Nxe4 b6 12. g4 Bb7 13. Qe1 Nd4 14. Nxd4 Bxd4+ 15. Be3
Bxb2 16. Rb1 Bg7 17. Qh4 Bxe4 18. dxe4 Nc6 19. Qf2 Bd4 20. Rbd1 Qc7 21. f5 exf5
22. exf5 Rae8 23. Rfe1 Bc3 24. Rf1 Rxe3 25. Qxe3 Bd4 26. Rxd4 cxd4 27. Qd3 Qe5
28. fxg6 hxg6 29. Qxg6+ Kh8 30. Qxc6 Qg3+ 31. Qg2 Qe3+ 32. Qf2 Qxh3 33. Qh2
{Black resigns} 1-0

[Event "Team 45 45 League T42"]
[Site "Internet Chess Club"]
[Date "2009.08.03"]
[Round "1"]
[White "mongmong"]
[Black "GabGag"]
[Result "0-1"]
[WhiteElo "1603"]
[BlackElo "2011"]
[Opening "King's Indian: East Indian defense"]
[ECO "A48"]
[Time "19:00:05"]
[TimeControl "2700+45"]

1. d4 Nf6 2. Nf3 g6 3. e3 Bg7 4. c4 O-O 5. Nc3 d6 6. Be2 Nc6 7. O-O e5 8. a3 a5
9. b3 Nd7 10. Bb2 f5 11. Nd5 Ne7 12. Nxe7+ Qxe7 13. Qd2 e4 14. Ne1 g5 15. Nc2 f4
16. f3 Nc5 17. dxc5 Bxb2 18. Ra2 Be5 19. cxd6 Bxd6 20. exf4 exf3 21. Bxf3 Bxf4
22. Qe2 Qxe2 23. Bxe2 Bf5 24. g3 Bd6 25. Bf3 c6 26. Bg2 Bc5+ 27. Kh1 Rad8 28.
Ne1 g4 29. Ra1 Rd2 30. b4 axb4 31. axb4 Bxb4 32. Ra7 Bc8 33. Ra4 Rxf1+ 34. Bxf1
Rd1 35. Rxb4 Rxe1 36. Kg1 Kf7 37. c5 Rc1 38. Rc4 Rxc4 39. Bxc4+ Be6 40. Bd3 Kf6
41. Bxh7 Ke5 42. Kf2 Kd4 43. Bc2 Kxc5 44. Ke3 Kc4 45. Kf4 b5 46. Bg6 b4 47. Ke5
Bc8 48. Kd6 c5 49. Bf7+ Kd4 50. Kc7 Bf5 51. Kc6 c4 52. Kb5 b3 53. Bxc4 b2 54.
Ba2 Ke3 {White resigns} 0-1

[Event "Team 45 45 League T42"]
[Site "Internet Chess Club"]
[Date "2009.07.31"]
[Round "1"]
[White "The-Capitalist"]
[Black "oldprez"]
[Result "0-1"]
[WhiteElo "1307"]
[BlackElo "1454"]
[Opening "Caro-Kann: advance variation"]
[ECO "B12"]
[Time "21:00:09"]
[TimeControl "2700+45"]

1. e4 c6 2. d4 d5 3. e5 Bf5 4. Nf3 e6 5. Be2 h6 6. O-O Ne7 7. Be3 Nd7 8. Bd3 Qb6
9. b3 Bxd3 10. Qxd3 Nf5 11. Re1 Nxe3 12. Rxe3 c5 13. Nbd2 Be7 14. c4 cxd4 15.
Qxd4 Bc5 16. Qd3 Bxe3 17. Qxe3 Qxe3 18. fxe3 dxc4 19. Nxc4 O-O 20. b4 Rac8 21.
Nd6 Rb8 22. Rc1 f6 23. Rc7 Nxe5 24. Nxb7 Nxf3+ 25. gxf3 Rf7 26. Rxf7 Kxf7 27.
Nd6+ Kg6 28. a3 Rd8 29. Nc4 Rd3 30. b5 Rc3 31. Nd6 Rxa3 32. Kf2 Rb3 33. h4 e5
34. Nc8 Rxb5 35. Nxa7 Rc5 36. e4 Kh5 37. Kg3 g5 38. hxg5 hxg5 39. Kh3 Rc3 40.
Kg3 g4 41. Kf2 Rxf3+ 42. Kg2 Re3 43. Nc6 Rxe4 44. Kg3 f5 45. Nxe5 Rxe5 46. Kf4
Ra5 47. Kg3 Ra4 48. Kf2 Kh4 49. Kg2 f4 50. Kf2 Kh3 {White resigns} 0-1

[Event "Team 45 45 League T42"]
[Site "Internet Chess Club"]
[Date "2009.08.04"]
[Round "1"]
[White "reverendjim"]
[Black "kjs110"]
[Result "1-0"]
[WhiteElo "1339"]
[BlackElo "1112"]
[Opening "Caro-Kann: Panov-Botvinnik attack"]
[ECO "B13"]
[Time "22:02:49"]
[TimeControl "2700+45"]

1. e4 c6 2. d4 d5 3. exd5 cxd5 4. c4 Nc6 5. c5 Bf5 6. Bb5 e6 7. Nf3 Nf6 8. Ne5
Rc8 9. Qa4 a6 10. Bxc6+ bxc6 11. Qxa6 Ra8 12. Qxc6+ Ke7 13. Qb7+ Ke8 14. Qxf7#
{Black checkmated} 1-0

[Event "Team 45 45 League T42"]
[Site "Internet Chess Club"]
[Date "2009.07.30"]
[Round "1"]
[White "furrbrain"]
[Black "Cicero"]
[Result "0-1"]
[WhiteElo "1171"]
[BlackElo "1273"]
[Opening "Scandinavian: Pytel-Wade variation"]
[ECO "B01"]
[Time "18:00:44"]
[TimeControl "2700+45"]

1. e4 d5 2. exd5 Qxd5 3. Nc3 Qd6 4. d4 Nf6 5. Nf3 a6 6. Bc4 b5 7. Bxf7+ Kxf7 8.
Ng5+ Ke8 9. Qf3 Qc6 10. Qxc6+ Nxc6 11. O-O e5 12. dxe5 Nxe5 13. Re1 Bd6 14. Bf4
Nd7 15. Nd5 Kd8 16. Ne6+ Ke8 17. Nxg7+ Kf7 18. Nf5 Ke6 19. Nfe3 Bb7 20. Rad1
Rhg8 21. Bg3 Nf6 22. Bxe5 Nxd5 23. Bxd6 Kxd6 24. Nf5+ Kc5 25. f3 Nf4 26. Re5+
Kb6 27. b4 Nxg2 28. Kf2 Nf4 29. Ng3 Raf8 30. Rd7 Rd8 31. Rxd8 Rxd8 32. Ne4 Ng6
33. Re6+ Ka7 34. Nc5 Bc8 35. Rf6 Rd2+ 36. Ke3 Rxc2 37. Kd4 Rd2+ 38. Ke4 Rxa2 39.
Rf7 Re2+ 40. Kd5 Re7 41. Rf6 a5 42. bxa5 Re5+ 43. Kc6 Ne7+ 44. Kxc7 Nd5+ 45. Kd6
Nxf6 46. Kxe5 Nd7+ 47. Nxd7 Bxd7 48. Kd4 Ka6 49. Kc3 Kxa5 50. f4 Ka4 51. Kb2 b4
52. h3 Bxh3 53. Ka2 Bf5 54. Kb2 h5 {White resigns} 0-1

[Event "Team 45 45 League T42"]
[Site "Internet Chess Club"]
[Date "2009.08.02"]
[Round "1"]
[White "abescac"]
[Black "john-beebs"]
[Result "0-1"]
[WhiteElo "1524"]
[BlackElo "1512"]
[Opening "Scotch game"]
[ECO "C45"]
[Time "15:01:57"]
[TimeControl "2700+45"]

1. e4 e5 2. Nf3 Nc6 3. d4 exd4 4. Nxd4 Bc5 5. Be3 Qf6 6. c3 Nxd4 7. Bxd4 Bxd4 8.
cxd4 Qb6 9. Qd2 Nf6 10. Nc3 O-O 11. Be2 d6 12. O-O Re8 13. Bf3 c6 14. Rfe1 Be6
15. Rac1 Rad8 16. b3 Qc7 17. d5 Bg4 18. Bxg4 Nxg4 19. h3 Ne5 20. dxc6 bxc6 21.
Nb5 Qb8 22. Nd4 c5 23. Nf5 Re6 24. Re3 Rg6 25. Ne7+ Kh8 26. Nxg6+ Nxg6 27. Qd5
Qc7 28. Rec3 Nf4 29. Qd2 Ne6 30. Rg3 Qb7 31. Qe2 Re8 32. Qg4 Qe7 33. Re1 f6 34.
h4 Nd4 35. h5 h6 36. Qg6 Ne6 37. Qf5 Ng5 38. f3 Qf7 39. Qg6 Qe6 40. Rg4 d5 41.
Rf4 Qe5 42. Rf5 Qd4+ 43. Kh1 Rd8 44. exd5 Qh4+ 45. Kg1 Qxe1+ 46. Kh2 Qh4+ 47.
Kg1 Qd4+ 48. Kh2 a5 49. f4 Ne4 50. Qf7 Qd3 51. Qg6 Qc2 52. Qf7 Rg8 53. Qe6 Qd3
54. d6 Nxd6 55. Rxc5 Qd4 56. Rxa5 Qxf4+ 57. Kh3 Re8 58. Ra8 Rxa8 {White resigns}
0-1